 Dungeon Sprint DCSS version 0.27-a0-1006-g1fd4cec11e (webtiles) character file.

Game seed: 138783342934787425

332 mhtbhm the Geomancer (level 6, 0/32 HPs)
             Began as a Deep Elf Earth Elementalist on Apr 17, 2021.
             Was a Follower of Vehumet.
             Slain by an unseen horror (4 damage)
             ... in the Dungeon (Sprint IX: "|||||||||||||||||||||||||||||").
             The game lasted 00:01:24 (283 turns).

mhtbhm the Geomancer (Deep Elf Earth Elementalist)   Turns: 283, Time: 00:01:25

Health: 0/32       AC:  6    Str:  5    XL:     6   Next: 26%
Magic:  14/21      EV: 16    Int: 22    God:    Vehumet [*.....]
Gold:   0          SH:  0    Dex: 15    Spells: 20/26 levels left

rFire    . . .     SeeInvis .   a - +2 scimitar of the Sun {freeze, rPois}
rCold    . . .     Faith    .   (no shield)
rNeg     . . .     Spirit   .   c - +0 robe
rPois    +         Reflect  .   (no helmet)
rElec    .         Harm     .   m - +0 cloak
rCorr    .         Rampage  .   n - +0 pair of gloves
Will     .....     NoTele   +   (no boots)
Stlth    +++.......             (no amulet)
HPRegen  0.10/turn              o - +2 ring of evasion
MPRegen  0.17/turn              p - +2 ring of protection

@: no status effects
A: no striking features
a: Renounce Religion


You were in the Dungeon.
You worshipped Vehumet.
Vehumet was aware of your devotion.
You visited 1 branch

Inventory:

Hand Weapons
 a - the +2 scimitar of the Sun (weapon) {freeze, rPois}
   (You found it in the Dungeon)

   It has been specially enchanted to freeze those struck by it, causing extra
   injury to most foes and up to half again as much damage against particularly
   susceptible opponents.
   It can also slow down cold-blooded creatures.
   It protects you from poison.
Missiles
 b - 15 stones
Armour
 c - a +0 robe (worn)
 m - a +0 cloak (worn)
 n - a +0 pair of gloves (worn)
Jewellery
 o - a +2 ring of evasion (left hand)
 p - a +2 ring of protection (right hand)
Wands
 k - a wand of acid (8)
Scrolls
 i - 2 scrolls of blinking
 j - 2 scrolls of amnesia
Potions
 d - 5 potions of curing
 e - 3 potions of heal wounds
 f - a potion of haste
 g - 4 potions of magic
 h - a potion of berserk rage
 l - a potion of invisibility


   Skills:
 + Level 4.8 Dodging
 + Level 4.6 Stealth
 + Level 10.5 Spellcasting
 + Level 1.4 Transmutations
 + Level 10.8 Earth Magic
 + Level 1.0 Evocations


You had 20 spell levels left.
You knew the following spells:

 Your Spells              Type           Power      Damage    Failure   Level
a - Sandblast             Erth           100%       2d20      1%          1
b - Passwall              Tmut/Erth      31%        N/A       1%          2
c - Stone Arrow           Conj/Erth      70%        3d11      1%          3

Your spell library contained the following spells:

 Spells                   Type           Power      Damage    Failure   Level
 Shock                    Conj/Air       44%        1d5       6%          1
 Lee's Rapid Deconstruct  Erth           28%        3d16*     1%          5
 Petrify                  Tmut/Erth      38%        N/A       4%          4


Dungeon Overview and Level Annotations

Branches:
Dungeon (1/1)

Altars:
Cheibriados
Dithmenos
Elyvilon
Fedhas
Gozag
Hepliaklqana
Kikubaaqudgha
Makhleb
Nemelex Xobeh
Okawaru
Qazlal
Ru
Sif Muna
Trog
Uskayaw
Vehumet
Wu Jian
Xom
Yredelemnul
Zin
The Shining One
Beogh
Jiyva
Lugonu


Message History

The troll claws you!
Ouch! That really hurt!
The troll closely misses you.
Unknown command.
Casting: Sandblast (safe; 1% risk of failure)
Confirm with . or Enter, or press ? or * to list all spells.
Aiming: Sandblast (safe; 1% risk of failure)
Press: ? - help, Shift-Dir - straight line, f/p - troll
Aim: a troll (almost dead, covered in acid, 83% to hit)
The blast of sand hits the troll!
You kill the troll!
Vehumet accepts your kill. Something hits you.
* * * LOW HITPOINT WARNING * * *
Deactivating autopickup; reactivate with Ctrl-A.
Something hits you.
* * * LOW HITPOINT WARNING * * *
Your Dodging skill increases to level 4!
Your Stealth skill increases to level 4!
Your Spellcasting skill gained 2 levels and is now at level 10!
Your Earth Magic skill gained 2 levels and is now at level 10!
Your Evocations skill increases to level 1!
You have reached level 5!
You have reached level 6!
Your experience leads to an increase in your attributes!
Increase (S)trength, (I)ntelligence, or (D)exterity?
You feel clever.
Unknown command.
Casting: Sandblast (safe; 1% risk of failure)
Confirm with . or Enter, or press ? or * to list all spells.
Aiming: Sandblast (safe; 1% risk of failure)
Press: ? - help, Shift-Dir - straight line, f - two-headed ogre
Aim: a two-headed ogre, wielding two +0 giant clubs (severely wounded, covered in acid, 92% to hit)
The blast of sand hits the two-headed ogre!!
You kill the two-headed ogre!
Vehumet accepts your kill.
You can now gain magical power from killing.
Vehumet offers you knowledge of Shock. Something hits you.
You die...

▓.▓
▓.▓
▓o▓
▓O▓
▓.▓
▓)▓
▓'▓
▓@▓
▓.▓
▓[▓
▓.▓
▓.▓
▓.▓
▓)▓
▓.▓
▓.▓


You could see a two-headed ogre and an orc warrior.

Vanquished Creatures
  A two-headed ogre (D)
  A troll (D)
  An ogre (D)
  An orc wizard (D)
  A white imp (D)
  2 orcs (D)
  A giant cockroach (D)
  2 jackals (D)
  A quokka (D)
  A frilled lizard (D)
  A kobold (D)
13 creatures vanquished.

Notes
Turn   | Place    | Note
-------+----------+-------------------------------------------
     0 | D        | mhtbhm the Deep Elf Earth Elementalist began the quest for
                  | the Orb.
     0 | D        | Reached XP level 1. HP: 10/10 MP: 6/6
   102 | D        | Noticed an ogre
   106 | D        | Reached XP level 2. HP: 15/15 MP: 5/9
   106 | D        | Killed an ogre
   107 | D        | Reached XP level 3. HP: 19/19 MP: 4/13
   107 | D        | Reached XP level 4. HP: 24/24 MP: 4/15
   204 | D        | Found a snail-covered altar of Cheibriados.
   204 | D        | Found a shadowy altar of Dithmenos.
   204 | D        | Found a white marble altar of Elyvilon.
   204 | D        | Found a blossoming altar of Fedhas.
   204 | D        | Found an opulent altar of Gozag.
   205 | D        | Found a hazy altar of Hepliaklqana.
   206 | D        | Found a viscous altar of Jiyva.
   207 | D        | Found an ancient bone altar of Kikubaaqudgha.
   208 | D        | Found a corrupted altar of Lugonu.
   209 | D        | Found a burning altar of Makhleb.
   210 | D        | Found a sparkling altar of Nemelex Xobeh.
   211 | D        | Found an iron altar of Okawaru.
   215 | D        | Learned a level 2 spell: Passwall
   219 | D        | Learned a level 3 spell: Stone Arrow
   219 | D        | Found a stormy altar of Qazlal.
   220 | D        | Found a sacrificial altar of Ru.
   221 | D        | Found a shimmering blue altar of Sif Muna.
   222 | D        | Found a bloodstained altar of Trog.
   223 | D        | Found a hide-covered altar of Uskayaw.
   224 | D        | Found a radiant altar of Vehumet.
   225 | D        | Found an ornate altar of the Wu Jian Council.
   226 | D        | Found a shimmering altar of Xom.
   227 | D        | Found a basalt altar of Yredelemnul.
   228 | D        | Found a glowing silver altar of Zin.
   229 | D        | Found a glowing golden altar of the Shining One.
   233 | D        | Became a worshipper of the Wu Jian Council
   237 | D        | Fell from the grace of Wu Jian
   237 | D        | Became a worshipper of Vehumet
   252 | D        | Got the +2 scimitar of the Sun {freeze, rPois}
   279 | D        | Noticed a two-headed ogre
   279 | D        | Noticed an orc warrior
   279 | D        | Noticed a two-headed ogre
   279 | D        | Noticed a troll
   282 | D        | Killed a troll
   283 | D        | Reached skill level 10 in Spellcasting
   283 | D        | Reached skill level 10 in Earth Magic
   283 | D        | Reached skill level 1 in Evocations
   283 | D        | Reached XP level 5. HP: 4/28 MP: 15/20
   283 | D        | Reached XP level 6. HP: 4/32 MP: 15/21
   283 | D        | Killed a two-headed ogre
   283 | D        | Reached * piety under Vehumet
   283 | D        | Offered knowledge of Shock by Vehumet.
   283 | D        | Slain by an unseen horror

Illustrated notes

Levels and vault maps discovered:
D:        linesprint [early_d, line_temple, items_1, d_10, items_2, lair_1,
          lair_end, items_3, orc_1, orc_end, items_4, d_15, swamp_1, shoals_1,
          snake_1, spider_1, d_20, vaults_1, items_5, swamp_end, shoals_end,
          snake_end, spider_end, vaults_end, d_27, items_6, zot_1, zot_end,
          crypt_end, forest_end, elf_end, slime_end, tomb_end, abyss_end,
          pan_hell_end]

Skill      XL: |  1  2  3  4 |
---------------+-------------+-----
Spellcasting   | 4 7 10 | 10.5
Earth Magic    | 4 7 10 | 10.8
Dodging        | 3 4 |  4.8
Stealth        | 3 4 |  4.6
Evocations     | 1 |  1.0
Transmutations | |  1.4

Action                   |  1- 3 |  4- 6 || total
-------------------------+-------+-------++-------
 Cast: Sandblast         |    12 |     4 ||    16
Evoke: Wand              |       |     2 ||     2
Armor: Robe              |     1 |     1 ||     2
Dodge: Dodged            |     1 |     3 ||     4
       Rpst.: Scimitar   |       |     1 ||     1

Table legend: (Time is in decaauts)
 A = Elapsed time spent in this place.
 B = Non-inter-level travel time spent in this place.
 C = Inter-level travel time spent in this place.
 D = Time resting spent in this place.
 E = Time spent auto-exploring this place.
 F = Levels seen in this place.
 G = Mean time per level.
                   A        B        C        D        E       F      G
               +--------+--------+--------+--------+--------+-----+--------+
         Total |    281 |    281 |      0 |    170 |      0 |   1 |  281.0 |
       Dungeon |    281 |    281 |      0 |    170 |      0 |   1 |  281.0 |
               +--------+--------+--------+--------+--------+-----+--------+

Top non-repeatable levels by time:
       D: 281 daAuts
